 Dungeon Crawl Stone Soup version 0.27-a0-291-gd9602db6ee (webtiles) character file.

Game seed: 12795091253480977985

24103 epen the Spear-Bearer (level 13, -1/121 HPs)
             Began as a Naga Gladiator on Feb 9, 2021.
             Was a Priest of Cheibriados.
             Slain by a death yak (5 damage)
             ... on level 4 of the Lair of Beasts.
             The game lasted 00:25:38 (12438 turns).

epen the Spear-Bearer (Naga Gladiator)             Turns: 12438, Time: 00:25:39

Health: -1/121     AC: 22    Str: 32    XL:     13   Next: 11%
Magic:  8/17       EV: 15    Int: 19    God:    Cheibriados [***...]
Gold:   488        SH:  0    Dex: 21    Spells: 12/12 levels left

rFire    + . .     SeeInvis +   y - +9 lance "Wyrmbane" {slay drac, rPois rF+ rC+ AC+3}
rCold    + . .     Faith    .   (no shield)
rNeg     . . .     Spirit   .   N - +4 scale mail
rPois    +         Reflect  .   C - +2 helmet {Int+3}
rElec    .         Harm     .   f - +0 cloak
rCorr    .         Rampage  .   L - +0 pair of gloves
Will     +++..                  (no barding)
Stlth    ..........             (no amulet)
HPRegen  0.70/turn              e - ring of willpower
MPRegen  0.15/turn              w - ring of willpower

@: short of breath, very slow
A: large, claws 1, see invisible, deformed body, poison resistance, regeneration
1, slowness 2, spit poison 2, strong 1, constrict 1, AC +4
a: Breathe Poison Gas, Breathe Poison Gas, Renounce Religion, Bend Time,
Temporal Distortion


You were on level 4 of the Lair of Beasts.
You worshipped Cheibriados.
Cheibriados was most pleased with you.
You visited 3 branches of the dungeon, and saw 14 of its levels.
You also visited: Ice Cave.

You collected 922 gold pieces.
You spent 434 gold pieces at shops.

Inventory:

Hand Weapons
 a - a +1 trident
 u - a +0 hand axe
 v - a +1 trident of venom
 y - the +9 lance "Wyrmbane" (weapon) {slay drac, rPois rF+ rC+ AC+3}
   (You took it off Maggie on level 7 of the Dungeon)

   It affects your AC (+3).
   It protects you from fire.
   It protects you from cold.
   It protects you from poison.
 D - a +0 giant club
Missiles
 d - 6 throwing nets (quivered)
Armour
 b - a +0 leather armour
 c - a +0 helmet
 f - a +0 cloak (worn)
 s - a cursed +0 buckler
 x - a +0 troll leather armour
 C - a +2 helmet of intelligence (worn)
 L - a +0 pair of gloves (worn)
 N - a +4 scale mail (worn)
 P - a +2 helmet
Jewellery
 e - a ring of willpower (left hand)
 w - a ring of willpower (right hand)
 B - an uncursed ring of see invisible
 I - an uncursed ring of willpower
 S - an uncursed ring of wizardry {unknown}
Wands
 r - a wand of paralysis (19)
 t - a wand of digging (5)
 A - a wand of iceblast (12)
 Q - a wand of acid (6)
Scrolls
 g - a scroll of noise
 j - 3 scrolls of random uselessness
 l - 2 scrolls of teleportation
 n - 3 scrolls of remove curse
 o - a scroll of enchant weapon
 F - 6 scrolls of identify
Potions
 h - 2 potions of brilliance
 k - a potion of magic
 m - a potion of cancellation
 p - 5 potions of lignification
 q - 4 potions of curing
 z - 2 potions of ambrosia
 H - 3 potions of heal wounds
 J - 3 potions of attraction
 K - 2 potions of flight
 M - a potion of berserk rage {unknown}
 O - a potion of might
 R - 2 potions of degeneration {unknown}
Miscellaneous
 i - a phantom mirror
 E - a phial of floods
 G - a tin of tremorstones (2/2)


   Skills:
 + Level 9.3 Fighting
 * Level 12.8 Polearms
 - Level 1.7 Throwing
 + Level 7.5 Armour
 + Level 8.1 Dodging
 + Level 5.0 Shields
 + Level 6.1 Invocations


You had 12 spell levels left.
You didn't know any spells.
Your spell library contained the following spells:

 Spells                   Type           Power        Failure   Level
 Animate Skeleton         Necr           0%           36%         1
 Apportation              Tloc           0%           36%         1
 Beastly Appendage        Tmut           0%           36%         1
 Corona                   Hex            0%           36%         1
 Freeze                   Ice            0%           36%         1
 Magic Dart               Conj           0%           36%         1
 Summon Small Mammal      Summ           0%           36%         1
 Blink                    Tloc           N/A          50%         2
 Call Imp                 Summ           0%           50%         2
 Slow                     Hex            0%           50%         2
 Wereblood                Tmut           0%           50%         2
 Conjure Flame            Conj/Fire      0%           75%         3
 Mephitic Cloud           Conj/Pois/Air  0%           75%         3
 Spider Form              Tmut/Pois      0%           75%         3
 Ice Form                 Ice/Tmut       0%           98%         4
 Summon Ice Beast         Ice/Summ       0%           98%         4
 Blade Hands              Tmut           0%           100%        5
 Bolt of Magma            Conj/Fire/Erth 0%           100%        5
 Lee's Rapid Deconstruct  Erth           0%           100%        5
 Metabolic Englaciation   Hex/Ice        0%           100%        5


Dungeon Overview and Level Annotations

Branches:
Dungeon (9/15)             Temple (1/1) D:7            Lair (4/6) D:9
  Snake (0/4) Lair:2        IceCv (visited)
  Swamp: Lair:2-4    Shoals: Lair:2-4       Orc: D:9-12

Altars:
Ashenzari
Cheibriados
Dithmenos
Elyvilon
Fedhas
Gozag
Hepliaklqana
Kikubaaqudgha
Makhleb
Nemelex Xobeh
Okawaru
Qazlal
Ru
Sif Muna
Trog
Uskayaw
Vehumet
Wu Jian
Xom
Yredelemnul
Zin
The Shining One

Shops:
D:7 [*=   D:9 ::!:

Annotations:
D:5 2 transporters


Innate Abilities, Weirdness & Mutations

You cannot wear boots.
Your serpentine skin is tough. (AC +4)
You have supernaturally acute eyesight. (SInv)
Armour fits poorly on your strangely shaped body.
Your system is resistant to poisons. (rPois)
You cover ground very slowly.
You can exhale a cloud of poison.
You can use your snake-like lower body to constrict enemies.
You have sharp fingernails.
Your natural rate of healing is unusually fast.
Your muscles are strong. (Str +2)


Message History

The death yak gores you!
* * * LOW HITPOINT WARNING * * *
Okay, then.
You feel much better.
The death yak is engulfed in poison gas.
The death yak looks even sicker.
The death yak gores you but does no damage. x2
The death yak barely misses you.
You hit the death yak.
The death yak is severely wounded.
The death yak is engulfed in poison gas.
The death yak looks as sick as possible!
The death yak gores you!!
* * * LOW HITPOINT WARNING * * *
You completely miss the death yak.
The death yak is almost dead.
The death yak gores you!
* * * LOW HITPOINT WARNING * * *
The death yak gores you.
You die...

#.........P #.........#
##.........##
#.......!...#
##.....[.....###
#.:............#
###..............#
#P..........YY...#
#......°○○○○Y@...#
#....##.....##....#
###...##......# #...#
#.....###.....## ....#
#....####.....P###...#
##.....#.......##......#
#..(.#.............#..<#
#....#P...........#.....
.....#.....†......P.#.


You could see 3 death yaks.

Vanquished Creatures
  A boulder beetle (D:8)
  2 hydras
  Harold (D:7)
  2 death yaks (Lair:4)
  A two-headed ogre (D:8)
  Pikel (D:7)
  An ugly thing (Lair:3)
  Joseph (D:9)
  3 black mambas
  6 cane toads
  Maggie (D:7)
  4 rime drakes
  A demonic crawler (Lair:2)
  5 komodo dragons
  A troll (D:9)
  A blink frog (shapeshifter) (D:9)
  Prince Ribbit (D:6)
  10 blink frogs
  Sigmund (D:2)
  A vampire (D:8)
  22 yaks
  2 basilisks
  Menkaure (D:7)
  3 nagas (Lair:2)
  3 swamp worms (Lair:2)
  10 water moccasins
  7 ice beasts
  3 orc warriors
  2 sky beasts
  A black bear (D:8)
  2 necrophages (D:7)
  2 ogres
  3 centaurs
  A lemure (D:7)
  2 phantoms
  15 bullfrogs
  A water moccasin zombie (D:9)
  4 scorpions
  7 wights
  2 howler monkeys
  A centaur zombie (D:7)
  3 hounds
  8 orc priests
  A quasit (D:7)
  A gnoll shaman (D:7)
  Crazy Yiuf (D:2)
  5 iguanas
  Natasha (thrice) (D:1)
  7 orc wizards
  7 worker ants
  5 hell rats (Lair:3)
  A howler monkey zombie (D:7)
  A worker ant zombie (D:5)
  Robin (D:2)
  9 gnolls
  7 adders
  A shadow imp (D:5)
  3 white imps
  2 ufetubi
  2 oozes
  2 adder skeletons
  6 worms
  4 dart slugs
  7 leopard geckos
  25 orcs
  9 bats
  3 giant cockroaches
  18 goblins
  6 hobgoblins
  11 jackals
  6 kobolds
  6 quokkas
  2 ball pythons
  3 frilled lizards
  2 leopard gecko zombies
  6 rats
323 creatures vanquished.

Vanquished Creatures (others)
  An orc wizard (D:6)
  9 fungi
  22 plants
  4 toadstools (D:1)
36 creatures vanquished.

Grand Total: 359 creatures vanquished

Notes
Turn   | Place    | Note
-------+----------+-------------------------------------------
     0 | D:1      | epen the Naga Gladiator began the quest for the Orb.
     0 | D:1      | Reached XP level 1. HP: 19/19 MP: 1/1
   298 | D:1      | Reached XP level 2. HP: 26/26 MP: 2/2
   625 | D:1      | Gained mutation: Your natural rate of healing is unusually
                  | fast. [potion of mutation]
   625 | D:1      | Gained mutation: You heal very quickly. [potion of
                  | mutation]
   834 | D:1      | Reached XP level 3. HP: 32/32 MP: 3/3
  1271 | D:2      | Noticed Natasha
  1278 | D:1      | Killed Natasha
  1279 | D:1      | Reached skill level 1 in Armour
  1313 | D:2      | Noticed Sigmund
  1392 | D:1      | Noticed Natasha
  1395 | D:1      | Killed Natasha
  1396 | D:1      | Reached XP level 4. HP: 40/40 MP: 4/4
  1414 | D:2      | Reached skill level 4 in Polearms
  1449 | D:1      | Noticed Natasha
  1456 | D:1      | Killed Natasha
  1469 | D:2      | Reached XP level 5. HP: 46/46 MP: 5/5
  1643 | D:2      | Found a runed translucent door.
  1644 | D:2      | Noticed Crazy Yiuf
  1737 | D:2      | Noticed Robin
  1747 | D:2      | Killed Robin
  1776 | D:2      | Reached XP level 6. HP: 52/56 MP: 6/6
  1855 | D:2      | Killed Sigmund
  1856 | D:2      | Reached skill level 5 in Polearms
  2183 | D:2      | Found a sacrificial altar of Ru.
  2235 | D:2      | Reached XP level 7. HP: 54/62 MP: 7/7
  2382 | D:2      | Killed Crazy Yiuf
  3098 | D:4      | Found a shadowy altar of Dithmenos.
  3414 | D:4      | Found a stormy altar of Qazlal.
  3660 | D:5      | Entered Level 5 of the Dungeon
  3749 | D:5      | Reached skill level 6 in Polearms
  3874 | D:5      | Reached XP level 8. HP: 70/73 MP: 8/8
  3936 | D:5      | Found a transporter.
  3951 | D:5      | Found a transporter.
  4047 | D:5      | Found a broken altar of Ashenzari.
  4486 | D:6      | Found an ornate altar of the Wu Jian Council.
  4551 | D:6      | Reached skill level 7 in Polearms
  4717 | D:6      | Noticed Prince Ribbit
  4804 | D:6      | Reached skill level 5 in Fighting
  5100 | D:6      | Reached XP level 9. HP: 67/80 MP: 9/9
  5120 | D:6      | Killed Prince Ribbit
  5575 | D:7      | Noticed Menkaure
  5585 | D:7      | Killed Menkaure
  5586 | D:7      | Reached skill level 8 in Polearms
  5586 | D:7      | Reached skill level 5 in Dodging
  5693 | D:7      | Noticed Pikel
  5718 | D:7      | Killed Pikel
  6031 | D:7      | Found a blossoming altar of Fedhas.
  6036 | D:7      | Found Irphun's Armour Shoppe.
  6074 | D:7      | Reached skill level 9 in Polearms
  6084 | D:7      | Bought a +0 troll leather armour for 210 gold pieces
  6271 | D:1      | Lost mutation: You heal very quickly. [potion of mutation]
  6271 | D:1      | Gained mutation: You can exhale a cloud of poison. [potion
                  | of mutation]
  6271 | D:1      | Gained mutation: You have sharp fingernails. [potion of
                  | mutation]
  6271 | D:1      | Gained mutation: Your muscles are strong. (Str +2) [potion
                  | of mutation]
  6456 | D:7      | Found a staircase to the Ecumenical Temple.
  6465 | Temple   | Entered the Ecumenical Temple
  6756 | D:7      | Noticed Maggie
  6775 | D:7      | Killed Maggie
  6776 | D:7      | Reached skill level 5 in Armour
  6776 | D:7      | Reached XP level 10. HP: 45/92 MP: 10/10
  6834 | D:7      | Found Dofuemun's Jewellery Boutique.
  6911 | D:7      | Found Haaluyno's General Store.
  7037 | D:7      | Noticed Harold
  7051 | D:7      | Killed Harold
  7447 | D:8      | Noticed a boulder beetle
  7468 | D:8      | Reached skill level 10 in Polearms
  7638 | D:8      | Killed a boulder beetle
  7639 | D:8      | Reached skill level 1 in Shields
  7782 | D:8      | Got a jewelled cloak
  7793 | D:8      | Identified the cursed -2 cloak "Jaop" {rF+} (You found it
                  | on level 8 of the Dungeon)
  7801 | D:8      | Identified Womita's Papyrus of the Mountains and the
                  | Frostbite
  7858 | D:8      | Found a snail-covered altar of Cheibriados.
  7870 | D:8      | Found a hide-covered altar of Uskayaw.
  7870 | D:8      | Found a sparkling altar of Nemelex Xobeh.
  7870 | D:8      | Found a shadowy altar of Dithmenos.
  7954 | D:8      | Became a worshipper of Cheibriados the Contemplative
  8028 | D:8      | Noticed a two-headed ogre
  8036 | D:8      | Killed a two-headed ogre
  8037 | D:8      | Reached skill level 1 in Invocations
  8037 | D:8      | Reached XP level 11. HP: 29/100 MP: 11/11
  8419 | D:9      | Found Gawnamemn's Antique Armour Emporium.
  8451 | D:9      | Found a staircase to the Lair.
  8522 | D:9      | Noticed Joseph
  8531 | D:9      | Killed Joseph
  8638 | D:9      | Found Eziucw's Book Shoppe.
  8706 | D:9      | Found an ancient bone altar of Kikubaaqudgha.
  8716 | D:9      | Found a basalt altar of Yredelemnul.
  8718 | D:9      | Found a glowing silver altar of Zin.
  8883 | D:9      | Reached * piety under Cheibriados
  8940 | D:9      | Found Emovaoj's Book Boutique.
  9013 | D:9      | Found Vitsaic's Distillery.
  9021 | D:9      | Bought a potion of heal wounds for 70 gold pieces
  9021 | D:9      | Bought a potion of curing for 42 gold pieces
  9021 | D:9      | Bought a potion of curing for 42 gold pieces
  9021 | D:9      | Bought a potion of heal wounds for 70 gold pieces
  9109 | D:9      | Found Ydyxoso's Book Boutique.
  9324 | Lair:1   | Entered Level 1 of the Lair of Beasts
  9354 | Lair:1   | Reached skill level 11 in Polearms
  9636 | Lair:1   | Reached ** piety under Cheibriados
 10015 | Lair:2   | Found a staircase to the Snake Pit.
 10188 | Lair:2   | Noticed a four-headed hydra
 10203 | Lair:2   | Killed a four-headed hydra
 10227 | Lair:2   | Reached XP level 12. HP: 61/112 MP: 13/15
 10402 | Lair:2   | Reached *** piety under Cheibriados
 10813 | Lair:2   | Reached skill level 12 in Polearms
 11290 | Lair:3   | Reached **** piety under Cheibriados
 11291 | Lair:3   | Reached skill level 5 in Invocations
 11302 | Lair:3   | Found a frozen archway.
 11309 | IceCv    | Entered an ice cave
 12217 | Lair:4   | Noticed a four-headed hydra
 12230 | Lair:4   | Killed a four-headed hydra
 12257 | Lair:4   | Gained mutation: You can use your snake-like lower body to
                  | constrict enemies. [Naga growth]
 12257 | Lair:4   | Reached XP level 13. HP: 47/121 MP: 17/17
 12425 | Lair:4   | Reached skill level 5 in Shields
 12438 | Lair:4   | HP: 4/121 [death yak (8)]
 12438 | Lair:4   | Slain by a death yak

Illustrated notes

Levels and vault maps discovered:
D:1:      ldierk_water_garden, layout_basic, chequers_garden, minmay_tall_x
D:2:      layout_basic, marbit_many_paths, uniq_crazy_yiuf_cottage,
          uniq_natasha, uniq_sigmund, uniq_robin
D:3:      layout_loops_ring
D:4:      layout_loops_ring, grunt_dithmenos_smoke_and_mirrors,
          grunt_qazlal_clouds, amcnicky_mini_corridor_feature
D:5:      gammafunk_steamed_eel, layout_basic, cheibrodos_ashenzari_chains
D:6:      layout_basic, lemuel_doored_altar, uniq_prince_ribbit1
D:7:      layout_loops_corners, fedhas_altar_1, minmay_temple_entry_sparse_star,
          serial_shops, shop, nicolae_shop_behind_doors, shop, uniq_harold,
          uniq_maggie, uniq_pikel, uniq_menkaure
D:8:      minmay_the_grid_octo_tiled_octocenter
          [minmay_the_grid_octo_tetromino_candy, minmay_the_grid_octo_shrine,
          minmay_the_grid_octo_teeth, minmay_the_grid_octo_focus,
          minmay_the_grid_octo_prize_star, minmay_the_grid_square_5x5_z,
          minmay_the_grid_square_5x5_six, minmay_the_grid_square_5x5_bite,
          minmay_the_grid_square_5x5_n_small], layout_rooms
D:9:      layout_loops_corners, grunt_temple_overflow_open, dpeg_oklobed_lair,
          serial_shops, nicolae_shop_behind_doors, shop_statue, shop,
          nicolae_shop_waterfront, shop_fountains, kennysheep_just_a_vault,
          uniq_joseph
Temple:   oiseaux_autumnal_temple
Lair:1:   layout_hall_layers, bh_autumn_forest_stairs
Lair:2:   layout_small_grid, minmay_snake_entry_guardpost_small, minivault_24,
          worms_lemuel
Lair:3:   layout_roguey, portal_ice_cave_rime
Lair:4:   layout_hall_layers, palyth_hydra_swamp_entry

Skill      XL: |  1  2  3  4  5  6  7  8  9 10 11 12 13 |
---------------+----------------------------------------+-----
Armour         | 1 2 3 5 6 7 |  7.5
Polearms       | 4 5 6 7 9 10 11 12 | 12.8
Dodging        | 3 4 5 6 7 8 |  8.1
Fighting       | 3 4 5 6 7 8 9 |  9.3
Shields        | 2 3 4 5 |  5.0
Invocations    | 1 4 5 6 |  6.1
Throwing       | |  1.7

Action                   |  1- 3 |  4- 6 |  7- 9 | 10-12 | 13-15 || total
-------------------------+-------+-------+-------+-------+-------++-------
Melee: Trident           |    77 |   177 |   510 |       |       ||   764
       Lance             |       |       |       |   715 |    23 ||   738
       Constrict         |       |       |       |       |     1 ||     1
Invok: Slouch            |       |       |       |       |     2 ||     2
 Abil: Spit Poison       |     1 |     1 |     6 |       |       ||     8
       Breathe Poison Ga |       |       |       |     9 |     2 ||    11
Evoke: Wand              |       |       |       |     2 |       ||     2
  Use: Scroll            |     5 |     2 |    10 |    10 |       ||    27
       Potion            |     1 |     2 |     2 |     1 |     1 ||     7
 Stab: Sleeping          |     1 |       |       |       |       ||     1
       Distracted        |       |     1 |       |     1 |       ||     2
Armor: Leather armour    |    22 |    16 |       |       |       ||    38
       Ring mail         |       |    33 |   123 |       |       ||   156
       Troll leather arm |       |       |     4 |    87 |       ||    91
       Scale mail        |       |       |       |    83 |    12 ||    95
Dodge: Dodged            |    31 |    81 |   227 |   245 |    10 ||   594

Table legend: (Time is in decaauts)
 A = Elapsed time spent in this place.
 B = Non-inter-level travel time spent in this place.
 C = Inter-level travel time spent in this place.
 D = Time resting spent in this place.
 E = Time spent auto-exploring this place.
 F = Levels seen in this place.
 G = Mean time per level.
                   A        B        C        D        E       F      G
               +--------+--------+--------+--------+--------+-----+--------+
         Total |  17712 |  16606 |   1106 |   1126 |  12761 |  15 | 1180.8 |
       Dungeon |  12015 |  11048 |    967 |    705 |   8388 |   9 | 1335.0 |
        Temple |    391 |    376 |     15 |      0 |    375 |   1 |  391.0 |
          Lair |   5296 |   5172 |    124 |    420 |   3997 |   4 | 1324.0 |
      Ice Cave |      8 |      8 |      0 |      0 |      0 |   1 |    8.0 |
               +--------+--------+--------+--------+--------+-----+--------+

Top non-repeatable levels by time:
  Lair:2: 2211 daAuts
     D:1: 1893 daAuts
  Lair:3: 1739 daAuts
     D:9: 1627 daAuts
     D:7: 1626 daAuts
     D:6: 1468 daAuts
     D:2: 1352 daAuts
     D:8: 1179 daAuts
     D:5: 1073 daAuts
  Lair:1: 1065 daAuts
     D:4: 910 daAuts
     D:3: 885 daAuts
  Temple: 391 daAuts
  Lair:4: 280 daAuts
   IceCv: 8 daAuts
